 Dungeon Crawl Stone Soup version 0.31.0-9-g3a7656b989 (webtiles) character file.

Game seed: 7173767009779445839

25 qw the Shooter (level 2, -11/16 HPs)
             Began as a Deep Elf Hunter on Feb 2, 2024.
             Mangled by an ogre
             ... wielding a +0 giant spiked club
              (27 damage)
             ... on level 2 of the Dungeon.
             The game lasted 00:00:02 (697 turns).

qw the Shooter (Deep Elf Hunter)                     Turns: 697, Time: 00:00:02

Health: -11/16     AC:  5    Str:  5 (8)  XL:     2   Next: 82%
Magic:  4/4        EV: 11    Int: 10 (13) God:
Gold:   67         SH:  0    Dex: 16 (18) Spells: 1/1 levels left

rFire   . . .        a - +0 shortbow
rCold   . . .        (shield currently unavailable)
rNeg    . . .        c - +0 leather armour
rPois   .            k - +1 helmet
rElec   .            (no cloak)
rCorr   .            (no gloves)
SInv    .            (no boots)
Will    .....        (no amulet)
Stlth   ++           (no ring)
HPRegen 0.22/turn    (no ring)
MPRegen 0.09/turn

%: no passive effects
@: hasted, very quick
A: no striking features
a: no special abilities


You were on level 2 of the Dungeon.
You visited 1 branch of the dungeon, and saw 2 of its levels.

You collected 67 gold pieces.


   Skills:
 - Level 1.5 Fighting
 + Level 6.5 Ranged Weapons
 - Level 2.4 Dodging
 - Level 1.2 Stealth


You had one spell level left.
You didn't know any spells.
Your spell library was empty.

Inventory:

Hand Weapons
 a - a +0 shortbow (weapon)
Armour
 c - a +0 leather armour (worn)
 k - a +1 helmet (worn)
Scrolls
 b - a scroll of teleportation {unknown}
Potions
 m - a potion of curing {unknown}

Dungeon Overview and Level Annotations

Branches:
Dungeon (2/15)

Altars:


Message History

Found 5 gold pieces.
You shoot an arrow. The arrow hits the giant cockroach!
You kill the giant cockroach!
You see here a giant cockroach corpse.
You now have 67 gold pieces (gained 5).
A kobold comes into view. It is wielding a +0 dagger.
The kobold shouts!
An ogre comes into view. It is wielding a +0 giant spiked club.
685 ||| DRINKING potion of haste.
You feel yourself speed up.
The ogre shouts!
You shoot an arrow. The arrow hits the kobold.
The kobold is severely wounded.
You shoot an arrow. The arrow hits the kobold.
The kobold is severely wounded.
You shoot an arrow. The arrow hits the kobold.
You kill the kobold!
You shoot an arrow.
The arrow hits the ogre but does no damage.
You shoot an arrow. The arrow hits the ogre.
The ogre is moderately wounded.
You shoot an arrow. The arrow hits the ogre.
The ogre is moderately wounded.
You shoot an arrow.
The arrow hits the ogre but does no damage.
The ogre is moderately wounded.
You shoot an arrow. The arrow hits the ogre.
The ogre is moderately wounded.
The ogre hits you but does no damage.
You shoot an arrow. The arrow hits the ogre.
The ogre is heavily wounded.
You shoot an arrow. The arrow hits the ogre.
The ogre is severely wounded.
The ogre hits you with a +0 giant spiked club!
Ouch! That really hurt!
696 ||| DRINKING potion of heal wounds.
You feel much better.
You shoot an arrow. The arrow hits the ogre!
The ogre is almost dead.
The ogre hits you with a +0 giant spiked club!!
Ouch! That really hurt!
You die...

...#........
#.####.##
#......#
#########..#
#...%......#
#..........#
#..........#
#..........#
#.......@..#
#########O.#
#.....
)..### ...#
...# ...#
...#


You could see an ogre.

Vanquished Creatures
  2 bats (D:1)
  An endoplasm (D:1)
  2 giant cockroaches
  2 goblins (D:1)
  4 hobgoblins (D:1)
  2 kobolds
  2 quokkas
  A ball python (D:1)
  2 frilled lizards (D:1)
  4 rats (D:1)
22 creatures vanquished.

Notes
Turn   | Place    | Note
-------+----------+-------------------------------------------
     0 | D:1      | qw the Deep Elf Hunter began the quest for the Orb.
     0 | D:1      | Reached XP level 1. HP: 12/12 MP: 3/3
     0 | D:1      | 0 ||| qw: Version: 0.3-a-155-g5e7d8dd
     0 | D:1      | 0 ||| qw: Game counter: 801
     0 | D:1      | 0 ||| qw: Melee chars always use a shield: true
     0 | D:1      | 0 ||| qw: God list: Okawaru
     0 | D:1      | 0 ||| qw: Allow faded altars: false
     0 | D:1      | 0 ||| qw: Do Orc after clearing Dungeon:15 true
     0 | D:1      | 0 ||| qw: Do second Lair branch before Depths: true
     0 | D:1      | 0 ||| qw: Lair rune preference: random
     0 | D:1      | 0 ||| qw: Goals: Normal
     0 | D:1      | 0 ||| PLANNING D:1-11
   280 | D:1      | Reached XP level 2. HP: 15/16 MP: 4/4
   287 | D:1      | Reached skill level 6 in Ranged Weapons
   603 | D:1      | 603 ||| UPGRADING to +0 helmet.
   608 | D:1      | 608 ||| READING scroll labelled ZAIQOA VORUUG.
   608 | D:1      | 608 ||| ENCHANTING +0 helmet.
   609 | D:1      | 609 ||| READING scroll labelled UTTUFR YDAOPN.
   610 | D:1      | 610 ||| READING 3 scrolls labelled HAFFUSE POCATS.
   610 | D:1      | 610 ||| IDENTIFYING fizzy orange potion
   611 | D:1      | 611 ||| READING 2 scrolls of identify.
   611 | D:1      | 611 ||| IDENTIFYING fizzy cyan potion
   612 | D:1      | 612 ||| READING scroll of identify.
   612 | D:1      | 612 ||| IDENTIFYING glowing pink potion
   613 | D:1      | 613 ||| READING scroll labelled TAHI YTUEJ.
   614 | D:1      | 614 ||| DRINKING 2 red potions.
   615 | D:1      | 615 ||| DROPPING scroll of butterflies.
   616 | D:1      | 616 ||| DROPPING potion of degeneration.
   617 | D:1      | 617 ||| DROPPING potion of attraction.
   684 | D:2      | Noticed an ogre
   685 | D:2      | 685 ||| DRINKING potion of haste.
   695 | D:2      | HP: 4/16 [ogre/+0 giant spiked club (12)]
   696 | D:2      | 696 ||| DRINKING potion of heal wounds.
   697 | D:2      | Mangled by an ogre

Levels and vault maps discovered:
D:1:      lightli_arrival_quake, layout_rooms, minivault_23,
          hangedman_decor_slide_cut, minmay_quantized
D:2:      minmay_general_purpose_star, layout_basic, uniq_crazy_yiuf_cottage,
          uniq_jessica, uniq_sigmund

Skill      XL: |  1  2 |
---------------+-------+-----
Ranged Weapons | 6 |  6.5
Fighting       | |  1.5
Dodging        | |  2.4
Stealth        | |  1.2

Action                     || total
---------------------------++-------
   Fire: Shortbow          ||    53
    Use: Scroll            ||     6
         Potion            ||     3
 Armour: Leather armour    ||     7
  Dodge: Dodged            ||     4

Table legend:
 A = Non-vault XP
 B = Vault XP
 C = Vault XP percentage of total XP
 D = Non-vault monster count
 E = Vault monster count
 F = Vault count percentage of total count
                 A         B        C        D         E       F
            +---------+---------+-------+---------+---------+-------
      Total |      31 |       5 |  13.9 |      18 |       4 |  18.2
            +---------+---------+-------+---------+---------+-------
        D:1 |      25 |       5 |  16.7 |      15 |       4 |  21.1
        D:2 |       6 |       0 |   0.0 |       3 |       0 |   0.0
            +---------+---------+-------+---------+---------+-------
